 Dungeon Crawl Stone Soup version 0.24.0-13-gcf9b319 (webtiles) character file.

Game seed: 7947472686479095202, levelgen mode: deterministic

2466 Bronimir the Cleaver (level 9, -4/68 HPs)
             Began as a Demonspawn Gladiator on Apr 22, 2020.
             Was an Elder of Okawaru.
             Slain by an orc warrior
             ... wielding a +0 dire flail
              (16 damage)
             ... on level 7 of the Dungeon.
             The game lasted 00:13:34 (8303 turns).

Bronimir the Cleaver (Demonspawn Gladiator)         Turns: 8303, Time: 00:13:35

Health: -4/68      AC: 10    Str: 18    XL:     9   Next: 26%
Magic:  0/11       EV: 15    Int: 10    God:    Okawaru [****..]
Gold:   339        SH:  4    Dex: 22    Spells: 9/10 levels left

rFire    . . .     SeeInvis .   a - +0 war axe
rCold    . . .     Gourm    .   (no shield)
rNeg     . . .     Faith    .   D - +1 robe of Resourcefulness {Dex+4}
rPois    .         Spirit   +   (helmet restricted)
rElec    .         Reflect  +   N - +0 cloak
rCorr    .         Harm     .   x - +0 pair of gloves
MR       .....                  p - +0 pair of boots
Stlth    +++++.....             A - +4 amulet of reflection
HPRegen  0.21/turn              q - +4 ring of dexterity
MPRegen  0.12/turn              J - +4 ring of protection

@: no status effects
A: antennae 2, nightstalker 2, magic shield
a: Heroism, Renounce Religion


You were on level 7 of the Dungeon.
You worshipped Okawaru.
Okawaru was greatly pleased with you.
You were hungry.

You visited 1 branch of the dungeon, and saw 7 of its levels.

You collected 339 gold pieces.

Inventory:

Hand Weapons
 a - a +0 war axe (weapon)
 j - a +0 falchion
 k - a +0 whip of flaming
 M - a +3 quarterstaff of chaos
Missiles
 d - 73 arrows
 e - 191 stones
 g - 69 sling bullets
 o - 47 bolts
 t - 3 throwing nets (quivered)
 y - 11 poisoned darts
Armour
 b - a +0 leather armour
 c - a +0 helmet
 p - a +0 pair of boots (worn)
 x - a +0 pair of gloves (worn)
 z - a +2 robe of magic resistance
 D - the +1 robe of Resourcefulness (worn) {Dex+4}
   (You found it on level 5 of the Dungeon)

   It affects your dexterity (+4).
 N - a +0 cloak (worn)
Jewellery
 n - an uncursed ring of positive energy
 q - a +4 ring of dexterity (left hand)
 s - the ring of the Kraken {Int+3 Slay+3}
   (You found it on level 4 of the Dungeon)

   [ring of intelligence]

   It affects your intelligence (+3).
   It affects your accuracy and damage with ranged weapons and melee attacks
   (+3).
 A - a +4 amulet of reflection (around neck)
 J - a +4 ring of protection (right hand)
 K - an uncursed ring of resist corrosion
Wands
 v - a wand of flame (47)
 E - a wand of paralysis (29)
 G - a wand of disintegration (5)
 H - a wand of enslavement (6)
Scrolls
 h - 4 scrolls of teleportation
 l - a scroll of immolation
 u - 4 scrolls of identify
 w - a scroll of remove curse
 B - a scroll of magic mapping {unknown}
 F - 2 scrolls of random uselessness {unknown}
 I - a scroll of vulnerability {unknown}
 O - a scroll of blinking {unknown}
Potions
 i - a potion of resistance
 m - 2 potions of brilliance
 r - a potion of agility
 C - a potion of flight
 L - a potion of mutation {unknown}
Comestibles
 f - 10 rations


   Skills:
 * Level 5.0 Fighting
 + Level 0.2 Long Blades
 + Level 8.2 Axes
 + Level 2.1 Throwing
 + Level 4.1 Armour
 * Level 4.2 Dodging
 + Level 3.2 Stealth
 * Level 1.4 Spellcasting
 * Level 1.6 Hexes
 * Level 2.7 Invocations


You had 9 spell levels left.
You knew the following spells:

 Your Spells              Type           Power        Failure   Level  Hunger
a - Confusing Touch       Hex            #.....       17%         1    ##.....

Your spell library contained the following spells:

 Spells                   Type           Power        Failure   Level  Hunger
 Confuse                  Hex            #.......     45%         3    ####...
 Gell's Gravitas          Tloc           #.........   69%         3    ####...
 Petrify                  Tmut/Erth      #.......     97%         4    #####..
 Metabolic Englaciation   Hex/Ice        #.........   100%        5    ######.
 Yara's Violent Unravell  Hex/Tmut       #.........   100%        5    ######.


Dungeon Overview and Level Annotations

Branches:
Dungeon (7/15)             Temple (0/1) D:5

Altars:
Kikubaaqudgha
Okawaru

Shops:
D:5 %


Innate Abilities, Weirdness & Mutations

You have a pair of antennae on your head.
You are significantly more attuned to the shadows.
When hurt, damage is shared between your health and your magic reserves.


Message History

Evoke which item? (* to show all) (? for menu, Esc to quit)
Aiming: Disintegrate
Press: ? - help, Shift-Dir - straight line, f - orc priest
Aim: an orc priest, wielding a +0 trident (severely wounded, chance to defeat MR: 65%)
The orc priest is blasted!
You blow up the orc priest!
Okawaru accepts your kill. The orc misses you.
Things that are here:
a +0 war axe; a +0 chain mail You completely miss the orc.
The orc barely misses you.
You slash the orc!
You kill the orc!
Okawaru accepts your kill. You block the orc's attack.
You slash the orc!
You kill the orc!
Okawaru accepts your kill.
The orc warrior hits you with a +0 dire flail!!
You die...

#...##... #...##..#
#...##..# #...###.#
#...# #.# ###...###.#
#..........#
###########.#....###.#
...oo@....# #....# #.#
#########.#.#....# #.#
#.#.#....###.#
#####.#.......##.#
..............##.#
..............##.#
...........#......
...##+#'#.........
...#....b.......#.


You could see an orc warrior and an orc.

Vanquished Creatures
  Pikel (D:6)
  Grinder (D:3)
  Eustachio (D:6)
  Menkaure (D:5)
  An orc warrior (D:7)
  A phantom (D:5)
  Purgy (D:3)
  2 bullfrogs (D:7)
  A wyvern skeleton (D:7)
  2 scorpions
  3 killer bees (D:7)
  A crimson imp (D:5)
  2 centaur zombies
  Crazy Yiuf (D:6)
  3 orc priests
  2 hounds
  A bullfrog skeleton (D:4)
  A centaur skeleton (D:5)
  Jessica (D:3)
  An iguana (D:5)
  2 orc wizards (D:4)
  9 worker ants
  4 gnolls (D:3)
  9 adders
  3 shadow imps (D:7)
  An ooze (D:6)
  3 worms
  2 dart slugs
  4 leopard geckos
  17 orcs
  A ball python (D:5)
  11 giant cockroaches
  4 goblins
  2 hobgoblins (D:2)
  5 jackals
  4 quokkas
  5 bats
  5 frilled lizards
  6 kobolds
  A quokka zombie (D:5)
  6 rats
  A butterfly (D:7)
133 creatures vanquished.

Vanquished Creatures (others)
  A slave (D:5)
  A crimson imp (D:5)
  An orc priest (D:5)
  An adder (D:5)
  An adder zombie (D:5)
  3 orcs (D:5)
  A quokka (D:5)
9 creatures vanquished.

Grand Total: 142 creatures vanquished

Notes
Turn   | Place    | Note
-------+----------+-------------------------------------------
     0 | D:1      | Bronimir the Demonspawn Gladiator began the quest for the
                  | Orb.
     0 | D:1      | Reached XP level 1. HP: 16/16 MP: 1/1
   266 | D:1      | Found an iron altar of Okawaru.
   283 | D:1      | Became a worshipper of Warmaster Okawaru
   882 | D:2      | Gained mutation: You have a pair of small antennae on your
                  | head. [demonic ancestry]
   882 | D:2      | Reached XP level 2. HP: 9/22 MP: 2/2
  1168 | D:2      | Reached skill level 1 in Armour
  1214 | D:1      | HP: 1/22 [jackal (2)]
  1475 | D:2      | Reached skill level 3 in Axes
  1678 | D:2      | Reached XP level 3. HP: 27/27 MP: 3/3
  2134 | D:2      | Reached XP level 4. HP: 28/34 MP: 1/4
  2272 | D:3      | Noticed Grinder
  2602 | D:3      | Reached skill level 4 in Axes
  2695 | D:3      | Noticed Jessica
  2709 | D:3      | Killed Jessica
  2709 | D:3      | Gained mutation: You are slightly more attuned to the
                  | shadows. [demonic ancestry]
  2709 | D:3      | Reached XP level 5. HP: 17/39 MP: 2/5
  2713 | D:3      | Paralysed by Grinder for 3 turns
  2982 | D:3      | Noticed Purgy
  3000 | D:3      | HP: 1/39 [Purgy (2)]
  3001 | D:3      | Killed Purgy
  3377 | D:3      | Paralysed by Grinder for 6 turns
  3387 | D:3      | Killed Grinder
  3387 | D:3      | Reached * piety under Okawaru
  3387 | D:3      | Reached skill level 5 in Axes
  3387 | D:3      | Gained mutation: You are significantly more attuned to the
                  | shadows. [demonic ancestry]
  3387 | D:3      | Reached XP level 6. HP: 19/47 MP: 2/6
  4234 | D:4      | Reached skill level 1 in Stealth
  4242 | D:4      | Gained mutation: When hurt, damage is shared between your
                  | health and your magic reserves. [demonic ancestry]
  4242 | D:4      | Reached XP level 7. HP: 24/52 MP: 2/7
  4628 | D:4      | Reached ** piety under Okawaru
  5085 | D:4      | Got a coiled lapis lazuli ring
  5399 | D:4      | You fall into a shaft and drop 3 floors!
  5417 | D:7      | Found a runed translucent door.
  5434 | D:7      | Reached skill level 6 in Axes
  5533 | D:5      | Entered Level 5 of the Dungeon
  5533 | D:5      | Noticed Pikel
  5558 | D:6      | Killed Pikel
  5558 | D:6      | Reached *** piety under Okawaru
  5558 | D:6      | Reached skill level 7 in Axes
  5558 | D:6      | Gained mutation: You have a pair of antennae on your head.
                  | [demonic ancestry]
  5558 | D:6      | Reached XP level 8. HP: 15/60 MP: 2/8
  6043 | D:5      | Found Bore's Food Shop.
  6340 | D:5      | Identified the ring of the Kraken {Int+3 Slay+3} (You found
                  | it on level 4 of the Dungeon)
  6348 | D:5      | Got a thick robe
  6359 | D:5      | Identified the +1 robe of Resourcefulness {Dex+4} (You
                  | found it on level 5 of the Dungeon)
  6441 | D:5      | Noticed Menkaure
  6447 | D:5      | Killed Menkaure
  6601 | D:5      | Reached skill level 1 in Invocations
  6692 | D:5      | Found a staircase to the Ecumenical Temple.
  6810 | D:5      | Learned a level 1 spell: Confusing Touch
  7064 | D:6      | Found an ancient bone altar of Kikubaaqudgha.
  7150 | D:6      | Found a runed translucent door.
  7152 | D:6      | Noticed Crazy Yiuf
  7160 | D:6      | Killed Crazy Yiuf
  7450 | D:6      | Noticed Eustachio
  7483 | D:6      | Killed Eustachio
  7566 | D:7      | Reached **** piety under Okawaru
  7566 | D:7      | Reached skill level 1 in Hexes
  7852 | D:7      | Reached skill level 1 in Spellcasting
  7852 | D:7      | Reached XP level 9. HP: 67/67 MP: 10/10
  7894 | D:7      | Reached skill level 8 in Axes
  7896 | D:7      | Found a runed translucent door.
  8116 | D:7      | Reached skill level 5 in Fighting
  8303 | D:7      | Slain by an orc warrior

Levels and vault maps discovered:
D:1:      dpeg_arrival_shelter, layout_loops_ring, okawaru_ov_weapons_minmay
D:2:      layout_rooms
D:3:      layout_rooms, uniq_jessica, uniq_purgy, uniq_grinder
D:4:      layout_layer_cave
D:5:      layout_basic, minmay_temple_entry_glassed_door, serial_shops, shop,
          first_ration, st_stairs_14, uniq_menkaure, uniq_pikel
D:6:      layout_rooms, kiku_gazebo_pond_becter, uniq_eustachio,
          uniq_crazy_yiuf_cottage
D:7:      lemuel_insect_pit, layout_basic, fedhas_altar_1,
          nicolae_overflow_hidden_temple

Skill      XL: |  1  2  3  4  5  6  7  8  9 |
---------------+----------------------------+-----
Armour         | 1 2 3 4 |  4.1
Axes           | 3 4 5 7 8 |  8.2
Dodging        | 3 4 |  4.2
Fighting       | 3 4 5 |  5.0
Throwing       | 2 |  2.1
Stealth        | 1 2 3 |  3.2
Invocations    | 2 |  2.7
Hexes          | 1 |  1.6
Spellcasting   | 1 |  1.4
Long Blades    | |  0.2

Action                   |  1- 3 |  4- 6 |  7- 9 || total
-------------------------+-------+-------+-------++-------
Melee: Falchion          |    25 |       |       ||    25
       War axe           |    90 |   111 |   278 ||   479
Throw: Throwing net      |       |     7 |       ||     7
       Stone             |       |     1 |       ||     1
Invok: Heroism           |       |       |     1 ||     1
Evoke: Wand              |       |       |     3 ||     3
  Use: Scroll            |     3 |     1 |     1 ||     5
       Potion            |     1 |     2 |     7 ||    10
 Stab: Sleeping          |     1 |     3 |    18 ||    22
       Held in net/web   |       |     1 |       ||     1
       Distracted        |       |       |     3 ||     3
  Eat: Chunk             |     4 |     3 |     9 ||    16
       Ration            |       |     1 |     1 ||     2
Armor: Leather armour    |    48 |    28 |    11 ||    87
       Skin              |       |       |     5 ||     5
       Robe              |       |       |    56 ||    56
Dodge: Dodged            |   119 |   109 |   230 ||   458
Block: Other             |       |       |    31 ||    31
       Rpst.: Falchion   |     9 |       |       ||     9
